 Dungeon Crawl Stone Soup version 0.31-a0-150-g89dc3ad700 (webtiles) character file.

Game seed: 13081488721534462597

141 qw the Shooter (level 5, 0/46 HPs)
             Began as a Minotaur Hunter on June 8, 2023.
             Slain by a lemure (5 damage)
             ... led by Pikel
             ... on level 4 of the Dungeon.
             The game lasted 00:00:45 (2152 turns).

qw the Shooter (Minotaur Hunter)                    Turns: 2152, Time: 00:00:45

Health: 0/46       AC:  4    Str: 16    XL:     5   Next: 3%
Magic:  0/4        EV: 12    Int:  6    God:
Gold:   256        SH:  0    Dex: 15    Spells: 4/4 levels left

rFire   . . .        Y - +0 shortbow (drain)
rCold   . . .        (shield currently unavailable)
rNeg    . . .        c - +0 leather armour
rPois   .            (helmet restricted)
rElec   .            (no cloak)
rCorr   .            (no gloves)
SInv    .            f - +0 pair of boots
Will    .....        i - amulet of guardian spirit
Stlth   ++           (no ring)
HPRegen 0.27/turn    (no ring)
MPRegen 0.09/turn

%: guardian spirit
@: about to teleport
A: horns 2, retaliatory headbutt, camouflage 1
a: no special abilities


You were on level 4 of the Dungeon.
You visited 1 branch of the dungeon, and saw 4 of its levels.

You collected 256 gold pieces.


Innate Abilities, Weirdness & Mutations

You have a pair of horns on your head.
You reflexively headbutt those who attack you in melee.
Your skin changes colour to match your surroundings (Stealth+).


   Skills:
 - Level 4.0 Fighting
 - Level 6.3 Ranged Weapons
 + Level 0.0 Armour
 - Level 2.1 Dodging
 - Level 0.7 Stealth


You had 4 spell levels left.
You didn't know any spells.
Your spell library was empty.

Inventory:

Hand Weapons
 Y - a +0 shortbow of draining (weapon)
Armour
 c - a +0 leather armour (worn)
 f - a +0 pair of boots (worn)
Jewellery
 i - an amulet of guardian spirit (around neck)
Scrolls
 a - a scroll of teleportation
 h - a scroll of identify
Potions
 b - a potion of cancellation
 d - a potion of mutation
 g - 2 potions of haste
 j - a potion of enlightenment {unknown}
 k - a potion of curing {unknown}

Dungeon Overview and Level Annotations

Branches:
Dungeon (4/15)
 Temple: D:4-7

Altars:
Kikubaaqudgha
Trog

Annotations:
D:2 1 runed translucent door, Crazy Yiuf
D:4 Pikel


Message History

The arrow hits the lemure!
The lemure is severely wounded.
A lemure comes into view.
The lemure hits you but does no damage.
You shoot an arrow. The arrow hits the lemure.
The lemure is severely wounded.
The lemure barely misses you. The lemure misses you.
You shoot an arrow.
The arrow hits the lemure but does no damage.
The lemure is severely wounded.
Pikel, Merchant of Souls comes into view.
He is wielding a +2 whip of flaming.
The lemure hits you.
You shoot an arrow. The arrow closely misses the lemure.
The lemure closely misses you. You furiously retaliate!
You headbutt the lemure. The lemure hits you! The lemure hits you.
You shoot an arrow. The arrow hits the lemure.
The lemure is almost dead.
The lemure misses you. You furiously retaliate!
You headbutt the lemure! The lemure barely misses you.
The lemure hits you but does no damage.
You shoot an arrow.
The arrow hits the lemure but does no damage.
The lemure is almost dead.
The lemure hits you. The lemure misses you. The lemure closely misses you.
The lemure barely misses you. You furiously retaliate!
You headbutt the lemure! The lemure barely misses you.
The lemure hits you but does no damage.
You shoot an arrow. The arrow barely misses the lemure.
The lemure hits you but does no damage. The lemure closely misses you.
The lemure hits you!
You shoot an arrow. The arrow closely misses the lemure.
The lemure hits you. The lemure barely misses you.
The lemure hits you but does no damage.
You shoot an arrow. The arrow hits the lemure.
The lemure is almost dead.
The lemure barely misses you. You furiously retaliate!
You headbutt the lemure. The lemure hits you.
2152 ||| READING 2 scrolls of teleportation.
As you read the scroll of teleportation, it crumbles to dust.
You feel strangely unstable. The lemure hits you. x2
You die...

.......<##.....#
.........##....#
#............#.##
....##.......#..#
...
#....###...###
.......#.#
##....##
.....##...
#.....# ....
...####...#..#
....#...#@5....#
.#
.......S5K######
.. .......S5 .
.......5..
.........#.
.........##.
.........# #.
.......... ..


You could see Pikel, 4 lemures and 2 ball pythons.

Vanquished Creatures
  A hound (D:3)
  3 gnolls (D:2)
  An adder (D:3)
  A worm (D:3)
  3 dart slugs
  2 orcs (D:3)
  5 bats
  10 endoplasms
  3 giant cockroaches
  3 goblins
  4 hobgoblins
  6 jackals
  4 kobolds
  2 quokkas
  4 ball pythons
  A frilled lizard (D:3)
  5 rats
58 creatures vanquished.

Notes
Turn   | Place    | Note
-------+----------+-------------------------------------------
     0 | D:1      | qw the Minotaur Hunter began the quest for the Orb.
     0 | D:1      | Reached XP level 1. HP: 18/18 MP: 0/0
     0 | D:1      | 0 ||| qw: Version: 0.2-a-119-g7aa9181
     0 | D:1      | 0 ||| qw: Game counter: 2793
     0 | D:1      | 0 ||| qw: Always use a shield: true
     0 | D:1      | 0 ||| qw: God list: Okawaru
     0 | D:1      | 0 ||| qw: Allow faded altars: false
     0 | D:1      | 0 ||| qw: Do Orc after D:15 true
     0 | D:1      | 0 ||| qw: Do second Lair branch before Depths: true
     0 | D:1      | 0 ||| qw: Lair rune preference: random
     0 | D:1      | 0 ||| qw: Plans: Normal
     0 | D:1      | 0 ||| PLANNING D:1-11
    44 | D:1      | Found a faded altar of an unknown god.
   156 | D:1      | Reached XP level 2. HP: 25/25 MP: 1/1
   192 | D:1      | Reached skill level 5 in Ranged Weapons
   371 | D:1      | Reached skill level 3 in Fighting
   835 | D:1      | 835 ||| UPGRADING to amulet of guardian spirit.
   840 | D:1      | 840 ||| READING scroll labelled FUGRUS TAPS.
   841 | D:1      | 841 ||| READING scroll labelled VOTRAHAIPH.
   845 | D:1      | 845 ||| READING scroll labelled REIC QEURRING.
   846 | D:1      | 846 ||| DRINKING 2 fizzy red potions.
   847 | D:1      | 847 ||| DROPPING scroll of butterflies.
   848 | D:1      | 848 ||| DROPPING potion of degeneration.
   867 | D:2      | Found a runed translucent door.
   868 | D:2      | Noticed Crazy Yiuf
  1012 | D:2      | Reached XP level 3. HP: 26/31 MP: 2/2
  1479 | D:2      | 1479 ||| DRINKING 2 emerald potions.
  1479 | D:2      | Gained mutation: Your skin changes colour to match your
                  | surroundings (Stealth+). [potion of mutation]
  1480 | D:2      | 1480 ||| DRINKING 2 fuming sapphire potions.
  1503 | D:3      | Reached XP level 4. HP: 38/38 MP: 3/3
  1527 | D:3      | Found a bloodstained altar of Trog.
  1586 | D:3      | Reached skill level 6 in Ranged Weapons
  1973 | D:3      | Found an ancient bone altar of Kikubaaqudgha.
  2059 | D:3      | Reached XP level 5. HP: 46/46 MP: 4/4
  2085 | D:3      | 2085 ||| UPGRADING to +0 pair of boots.
  2090 | D:3      | 2090 ||| READING 3 scrolls of identify.
  2090 | D:3      | 2090 ||| IDENTIFYING glowing golden potion
  2091 | D:3      | 2091 ||| READING 2 scrolls of identify.
  2091 | D:3      | 2091 ||| IDENTIFYING amethyst potion
  2092 | D:3      | 2092 ||| DROPPING potion of attraction.
  2138 | D:4      | Noticed a lemure
  2139 | D:4      | Noticed a lemure
  2140 | D:4      | Noticed a lemure
  2143 | D:4      | Noticed a lemure
  2145 | D:4      | Noticed Pikel
  2151 | D:4      | HP: 9/46 [lemure[Pikel] (6)]
  2152 | D:4      | 2152 ||| READING 2 scrolls of teleportation.
  2152 | D:4      | Slain by a lemure

Levels and vault maps discovered:
D:1:      roderic_octagonal_star, layout_basic,
          hellmonk_ecumenical_altar_arch_garden,
          corexii_item_surrounded_by_moat, st_stairs_8
D:2:      layout_loops_ring, amcnicky_mini_rare_corridor_liquid,
          hangedman_decor_opposing, uniq_crazy_yiuf_cottage
D:3:      kb_forest_paths, layout_rooms, mainiacjoe_overflow_surrounded_room,
          mainiacjoe_overflow_small_starburst, minmay_misc_feat_square
D:4:      layout_cave_pools, cheibriados_altar_1, uniq_pikel

Skill      XL: |  1  2  3  4 |
---------------+-------------+-----
Ranged Weapons | 5 6 |  6.3
Fighting       | 3 4 |  4.0
Dodging        | |  2.1
Stealth        | |  0.7

Action                     |  1- 3 |  4- 6 || total
---------------------------+-------+-------++-------
   Fire: Shortbow          |    89 |    64 ||   153
    Use: Scroll            |     3 |     3 ||     6
         Potion            |     3 |       ||     3
 Armour: Leather armour    |     9 |    10 ||    19
  Dodge: Dodged            |     9 |    17 ||    26

Table legend:
 A = Non-vault XP
 B = Vault XP
 C = Vault XP percentage of total XP
 D = Non-vault monster count
 E = Vault monster count
 F = Vault count percentage of total count
                 A         B        C        D         E       F
            +---------+---------+-------+---------+---------+-------
      Total |     185 |      17 |   8.4 |      51 |       7 |  12.1
            +---------+---------+-------+---------+---------+-------
        D:1 |      28 |       4 |  12.5 |      16 |       1 |   5.9
        D:2 |      63 |       0 |   0.0 |      14 |       0 |   0.0
        D:3 |      94 |      13 |  12.1 |      21 |       6 |  22.2
            +---------+---------+-------+---------+---------+-------
